Map: Abyssal Reef LE

Players

HeRoMaRinE

  • Race: Terran Terran
  • Spawn Location: 11:00

herO - Winner!

  • Race: Protoss Protoss
  • Spawn Location: 5:00

Event: IEM XI Katowice - World Championship 2017

VOD

Have the link to the VOD?

Description

Time

  • Played on: March 2, 2017, 9:04 a.m.
  • Length: 10:24

All games in this series

Show
View Real Time Build Order
Export as new Build Order

HeRoMaRinE Terran 

Build Orders: Reaper Expand, MMM Bio 

Get SALT Encoding   

  12  0:00  SCV  
  13  0:12  SCV  
  14  0:17  Supply Depot  
  14  0:25  SCV  
  14  0:28  Refinery  
  15  0:38  SCV  
  16  0:45  Barracks  
  16  0:50  SCV  
  17  1:02  SCV  
  18  1:15  SCV  
  19  1:32  Reaper, Orbital Command  
  20  1:51  Command Center  
  20  1:58  SCV  
  21  2:06  Factory, Barracks Reactor  
  21  2:10  SCV  
  21  2:13  Refinery  
  22  2:20  Supply Depot  
  22  2:22  SCV  
  23  2:41  SCV  
  23  2:42  Marine x2  
  26  2:48  Widow Mine  
  26  2:49  Starport  
  28  2:53  SCV  
  29  3:00  Marine x2  
  31  3:06  SCV  
  31  3:08  Orbital Command  
  32  3:17  Widow Mine  
  32  3:18  SCV  
  35  3:20  Marine x2  
  39  3:28  Viking  
  39  3:31  SCV  
  40  3:34  SCV  
  40  3:37  Supply Depot  
  40  3:43  SCV  
  40  3:44  Marine x2  
  40  3:46  SCV  
  44  3:51  Barracks  
  44  3:55  SCV  
  44  3:58  SCV  
  44  3:59  Factory Tech Lab  
  46  4:02  Marine  
  46  4:03  Marine  
  46  4:07  SCV  
  49  4:10  SCV  
  49  4:12  Supply Depot  
  49  4:16  Barracks  
  50  4:20  SCV  
  50  4:22  SCV  
  50  4:23  Marine x2  
  54  4:27  Factory Tech Lab, Engineering Bay  
  54  4:33  SCV  
  54  4:34  Supply Depot, SCV  
  56  4:45  Stimpack, SCV  
  57  4:46  Starport Reactor, SCV  
  58  4:53  Supply Depot, Terran Infantry Weapons Level 1, Factory Reactor  
  58  4:57  SCV  
  58  4:59  Marine x2, SCV, Supply Depot  
  62  5:00  Marine  
  63  5:09  SCV  
  63  5:11  SCV  
  64  5:14  Marine, Combat Shields  
  64  5:16  Marine  
  64  5:17  Marine  
  64  5:18  Marine, Missile Turret  
  68  5:22  SCV  
  68  5:23  Supply Depot, SCV, Medivac  
  68  5:26  Medivac  
  74  5:29  Refinery  
  74  5:32  Refinery  
  74  5:33  Widow Mine x2  
  78  5:35  Marine  
  78  5:37  Marine  
  78  5:38  Marine  
  78  5:42  Supply Depot  
  81  5:45  Marine  
  81  5:49  Missile Turret  
  82  5:53  Medivac  
  82  5:54  Marine  
  82  5:55  Marine  
  82  5:56  Marine, Medivac  
  89  5:59  SCV  
  89  6:02  Marine  
  89  6:03  Widow Mine  
  89  6:04  Widow Mine  
  91  6:08  Supply Depot  
  91  6:10  Supply Depot  
  93  6:12  Marine  
  93  6:13  Marine  
  93  6:14  Marine  
  96  6:20  Marine  
  97  6:30  Marine  
  97  6:31  Marine x2  
  97  6:32  Widow Mine x2, Missile Turret  
  100  6:37  Medivac x2  
  100  6:38  Marine  
  109  6:48  Marine x2  
  109  6:49  Supply Depot, Marine  
  112  6:56  Marine, Missile Turret  
  112  7:00  Liberator, Widow Mine  
  112  7:01  Widow Mine  
  113  7:02  Liberator  
  115  7:08  Marine x2  
  110  7:17  Marauder x2  
  110  7:21  SCV x2  
  117  7:29  Widow Mine x2  
  113  7:30  Marine x2  
  119  7:38  Marauder  
  119  7:39  Marauder  
  119  7:52  Marine x2  
  119  7:55  Command Center  
  112  7:59  Marauder  
  112  8:00  Widow Mine x2, Marauder  
  120  8:05  Missile Turret  
  120  8:08  Terran Infantry Armor Level 1  
  120  8:10  Barracks  
  120  8:14  Barracks  
  118  8:20  Marine x2  
  118  8:21  Marauder  
  118  8:22  Marauder, SCV x2  
  109  8:40  Marine x2  
  108  8:41  Medivac x2  
  108  8:42  Widow Mine x2, Marauder  
  108  8:44  SCV x2  
  108  8:47  Marauder  
  108  8:48  Armory  
  118  8:49  Engineering Bay  
  118  8:54  Liberator  
  112  9:04  Marauder, Barracks Reactor  
  112  9:05  Barracks Tech Lab  
  112  9:08  Orbital Command  
  115  9:17  Marauder  
  115  9:18  Marine x2  
  119  9:25  Marauder  
  119  9:29  Widow Mine  
  119  9:30  Marauder  
  125  9:39  Marauder  
  123  9:46  Marauder  
  123  9:47  Marine x2  
  123  9:51  Marauder  
  123  9:52  Marine x2  
  113  10:00  Marauder  
  113  10:05  Marine x2  
Show
View Real Time Build Order
Export as new Build Order

herO Protoss - Winner!

Build Orders: 1 Gate Expand, Oracle Opening, Phoenix Opening 

Get SALT Encoding   

  12  0:00  Probe (Chrono Boost)  
  13  0:11  Probe (Chrono Boost)  
  14  0:18  Pylon  
  14  0:22  Probe (Chrono Boost)  
  15  0:36  Probe (Chrono Boost)  
  15  0:38  Gateway  
  16  0:43  Assimilator  
  16  0:47  Probe (Chrono Boost)  
  17  0:57  Probe (Chrono Boost)  
  18  1:08  Probe (Chrono Boost)  
  19  1:22  Nexus  
  19  1:31  Cybernetics Core  
  19  1:35  Probe (Chrono Boost)  
  20  1:40  Assimilator  
  20  1:45  Probe (Chrono Boost)  
  21  1:51  Pylon  
  21  1:56  Probe (Chrono Boost)  
  22  2:05  Adept  
  22  2:08  Probe (Chrono Boost)  
  25  2:16  Stargate  
  25  2:20  Probe (Chrono Boost)  
  26  2:24  Warp Gate  
  26  2:29  Adept  
  26  2:32  Probe (Chrono Boost)  
  26  2:35  Probe (Chrono Boost)  
  30  2:44  Probe (Chrono Boost)  
  31  2:45  Probe (Chrono Boost)  
  32  2:54  Oracle  
  32  2:55  Probe (Chrono Boost)  
  32  2:56  Probe (Chrono Boost)  
  37  3:06  Probe (Chrono Boost)  
  37  3:07  Probe (Chrono Boost)  
  39  3:17  Probe (Chrono Boost)  
  42  3:21  Mothership Core (Chrono Boost)  
  42  3:27  Nexus  
  42  3:31  Probe (Chrono Boost)  
  42  3:34  Phoenix  
  43  3:41  Probe (Chrono Boost)  
  46  3:42  Pylon  
  46  3:48  Pylon  
  46  3:51  Pylon  
  46  3:57  Phoenix  
  46  4:00  Probe (Chrono Boost)  
  46  4:01  Probe (Chrono Boost)  
  50  4:10  Assimilator, Probe (Chrono Boost)  
  50  4:12  Assimilator  
  50  4:13  Probe (Chrono Boost)  
  52  4:21  Phoenix, Probe (Chrono Boost)  
  56  4:24  Probe (Chrono Boost)  
  56  4:28  Twilight Council  
  56  4:30  Forge  
  56  4:31  Probe (Chrono Boost)  
  56  4:35  Probe (Chrono Boost)  
  58  4:40  Probe (Chrono Boost)  
  58  4:42  Probe (Chrono Boost)  
  58  4:45  Probe (Chrono Boost)  
  61  4:47  Phoenix  
  61  4:51  Probe (Chrono Boost)  
  65  4:52  Probe (Chrono Boost)  
  65  4:56  Probe (Chrono Boost)  
  65  4:59  Resonating Glaives, Robotics Facility  
  66  5:01  Protoss Ground Weapons Level 1, Probe (Chrono Boost)  
  66  5:03  Probe (Chrono Boost)  
  69  5:07  Probe (Chrono Boost)  
  69  5:12  Probe (Chrono Boost)  
  71  5:15  Probe (Chrono Boost)  
  71  5:19  Probe (Chrono Boost)  
  71  5:20  Pylon  
  72  5:22  Probe (Chrono Boost)  
  72  5:27  Probe (Chrono Boost)  
  74  5:31  Probe (Chrono Boost)  
  74  5:33  Probe (Chrono Boost)  
  76  5:37  Gateway  
  76  5:39  Gateway  
  76  5:42  Gateway  
  76  5:44  Probe (Chrono Boost)  
  76  5:45  Gateway x2  
  76  5:47  Gateway  
  76  5:49  Observer, Gateway  
  77  5:56  Pylon, Void Ray  
  82  5:57  Pylon  
  82  6:02  Adept  
  84  6:05  Pylon  
  84  6:06  Pylon, Immortal  
  88  6:17  Pylon  
  88  6:23  Pylon  
  88  6:24  Adept  
  90  6:37  Adept x3  
  90  6:38  Pylon x2  
  96  6:40  Immortal  
  96  6:41  Protoss Ground Armor Level 1  
  96  6:42  Adept x3, Void Ray  
  96  6:46  Adept  
  112  6:55  Gateway  
  112  7:06  Adept x8  
  126  7:14  Photon Cannon  
  106  7:20  Immortal  
  105  7:24  Probe (Chrono Boost)  
  105  7:25  Probe (Chrono Boost)  
  111  7:33  Adept  
  111  7:34  Adept x3  
  111  7:35  Adept x2  
  111  7:36  Probe (Chrono Boost)  
  113  7:40  Adept x2  
  109  7:54  Warp Prism  
  103  8:03  Sentry x3  
  111  8:05  Adept  
  111  8:06  Adept x3  
  111  8:10  Pylon, Adept x2  
  100  8:37  Adept x9  
  113  9:01  Pylon  
  113  9:03  Adept x8  
  113  9:05  Adept  
  131  9:11  Observer  
  131  9:13  Probe (Chrono Boost)  
  131  9:14  Probe x2 (Chrono Boost)  
  136  9:28  Adept x4  
  136  9:29  Adept x3  
  149  9:32  Pylon  
  134  9:58  Adept x9  
  115  10:18  Adept x8  

Tags
 
Add a new tag
Caveats
  • Supply blocks, unpowered buildings, or Contaminate may cause inaccurate times.
  • Supply counts are checked every 10 seconds.